[Event "Titled Tuesday Blitz May 30 Early 2023"]
[White "Aradhya, Garg"]
[Black "Llanos, Guillermo"]
[WhiteFideId "25006746"]
[BlackFideId "100358"]
[WhiteElo "2263"]
[BlackElo "2225"]
[Result "1-0"]
[Round "03"]
[TimeControl "180+2"]
[Date "2023.05.30"]
[WhiteClock "0:00:02"]
[BlackClock "0:00:00"]

1. d4 Nf6 2. c4 b6 3. f3 Nc6 4. d5 Ne5 5. e4 e6 6. Be3 Bc5 7. Bxc5 bxc5 8. Nc3 O-O 9. Nh3 Rb8 10. Qd2 exd5 11. cxd5 d6 12. Nf2 c6 13. Be2 cxd5 14. exd5 Re8 15. O-O Ng6 16. Rfe1 Rb4 17. b3 Rd4 18. Qc2 Nxd5 19. Nxd5 Rxd5 20. Bc4 Rde5 21. Rxe5 Nxe5 22. Bd5 Qg5 23. Rd1 Qe3 24. Qc1 Qxc1 25. Rxc1 Be6 26. Rd1 f6 27. Ne4 Bxd5 28. Rxd5 Nf7 29. Kf2 Re6 30. h4 Kf8 31. Rd2 Ke7 32. Nc3 Re5 33. Nd5+ Ke6 34. Nf4+ Kd7 35. Nd5 Nd8 36. f4 Re6 37. b4 cxb4 38. Nxb4 Re4 39. Nd5 Ra4 40. Re2 Ne6 41. f5 Nd4 42. Re7+ Kc6 43. Nc3 Ra3 44. Nd1 Rxa2+ 45. Ke1 Nxf5 46. Rf7 Rxg2 47. Rxa7 Nxh4 48. Ne3 Rg3 49. Kf2 Rg5 50. Ra6+ Kd7 51. Ra7+ Ke6 52. Ra6 h5 53. Nc4 Rd5 54. Ne3 Re5 55. Nc4 Rd5 56. Ne3 Rd4 57. Ra5 g6 58. Ra8 Nf5 59. Ng2 Rg4 60. Re8+ Kd5 61. Rf8 Ke6 62. Re8+ Kf7 63. Ra8 h4 64. Kf3 Rg3+ 65. Kf2 h3 66. Nh4 Rg5 67. Nf3 Rg4 68. Rh8 1-0


[Site "https://www.chess.com"]

[Event "Titled Tuesday Blitz May 30 Early 2023"]
[White "Paravyan, David"]
[Black "Goldin, Roman"]
[WhiteFideId "4194985"]
[BlackFideId "2803860"]
[WhiteElo "2563"]
[BlackElo "2312"]
[Result "1-0"]
[Round "03"]
[TimeControl "180+2"]
[Date "2023.05.30"]
[WhiteClock "0:01:40"]
[BlackClock "0:00:00"]

1. d4 Nf6 2. c4 Nc6 3. Nf3 d6 4. d5 Ne5 5. Nc3 e6 6. Nxe5 dxe5 7. e4 Bc5 8. Be2 O-O 9. O-O a6 10. Bg5 h6 11. Bh4 Qe7 12. Kh1 g5 13. Bg3 exd5 14. exd5 Bd7 15. Bd3 Bg4 16. f3 Bd7 17. Re1 Bd4 18. Ne2 Be3 19. Bc2 Nh5 20. Qd3 f5 21. Qxe3 f4 22. Qd3 Bf5 23. Qc3 fxg3 24. Nxg3 Nxg3+ 25. hxg3 Rae8 26. Bxf5 Rxf5 27. Re4 Qf6 28. Rae1 h5 29. Kg1 Re7 30. c5 g4 31. fxg4 Rf2 32. gxh5 Rf7 33. Qxe5 1-0


[Site "https://www.chess.com"]

[Event "Titled Tuesday Blitz May 30 Early 2023"]
[White "Mekhane, Adam"]
[Black "Lazavik, Denis"]
[WhiteFideId "36050601"]
[BlackFideId "13515110"]
[WhiteElo "2177"]
[BlackElo "2560"]
[Result "0-1"]
[Round "03"]
[TimeControl "180+2"]
[Date "2023.05.30"]
[WhiteClock "0:00:40"]
[BlackClock "0:01:40"]

1. e4 c5 2. Nf3 e6 3. d4 cxd4 4. Nxd4 Nc6 5. Nc3 Qc7 6. Be3 a6 7. Qf3 b5 8. Nxc6 Qxc6 9. Bd3 h5 10. O-O Bb7 11. Rad1 Nf6 12. Bd4 Be7 13. Qg3 Kf8 14. e5 Nd5 15. Be4 Nxc3 16. Bxc3 Qxe4 17. Rxd7 h4 18. Qh3 Bc6 19. Rd3 Qf5 20. Qe3 h3 21. g3 Qe4 22. Qxe4 Bxe4 23. Rd4 Bd5 24. a4 Bc5 25. Bb4 Bxb4 26. Rxb4 Bc6 27. Ra1 Ke7 28. Kf1 bxa4 29. Ke2 Rhb8 30. Rh4 Rxb2 31. Rxh3 Rxc2+ 32. Ke3 Rb8 0-1


[Site "https://www.chess.com"]

[Event "Titled Tuesday Blitz May 30 Early 2023"]
[White "Ozates, Tuna"]
[Black "Svane, Rasmus"]
[WhiteFideId "6354521"]
[BlackFideId "4657101"]
[WhiteElo "2151"]
[BlackElo "2601"]
[Result "0-1"]
[Round "03"]
[TimeControl "180+2"]
[Date "2023.05.30"]
[WhiteClock "0:00:53"]
[BlackClock "0:01:13"]

1. e4 c6 2. Nf3 d5 3. d3 Bg4 4. h3 Bh5 5. g4 Bg6 6. Nbd2 e6 7. h4 h6 8. Bg2 Nd7 9. Qe2 Bd6 10. b3 dxe4 11. dxe4 e5 12. Bb2 f6 13. O-O-O Qc7 14. Nc4 Bc5 15. h5 Bf7 16. Ne3 O-O-O 17. Nf5 Rh7 18. N3h4 Ne7 19. Nxe7+ Bxe7 20. Nf5 Bc5 21. f3 Nf8 22. Rxd8+ Qxd8 23. Rd1 Qc7 24. Qd2 Ne6 25. b4 Be7 26. Bf1 Nf4 27. Kb1 Be6 28. Ne3 Rh8 29. Bc4 Bxc4 30. Nxc4 Rd8 31. Qe1 Rxd1+ 32. Qxd1 Bxb4 33. a3 Bf8 34. Ka2 Qf7 0-1


[Site "https://www.chess.com"]

[Event "Titled Tuesday Blitz May 30 Early 2023"]
[White "Ginzburg, Yakov"]
[Black "Lenderman, Aleksandr"]
[WhiteFideId "4157176"]
[BlackFideId "2021285"]
[WhiteElo "2305"]
[BlackElo "2607"]
[Result "0-1"]
[Round "03"]
[TimeControl "180+2"]
[Date "2023.05.30"]
[WhiteClock "0:00:00"]
[BlackClock "0:01:51"]

1. d4 Nf6 2. c4 c5 3. Nf3 cxd4 4. Nxd4 e5 5. Nb5 d5 6. cxd5 Bc5 7. e3 O-O 8. N5c3 e4 9. Be2 Re8 10. O-O Bf5 11. Na3 Nbd7 12. Nc4 a6 13. a4 Rc8 14. b3 Ne5 15. Bb2 Nxc4 16. bxc4 Bd6 17. a5 Nd7 18. Na4 Qg5 19. g3 Bh3 20. Re1 Be5 21. Bd4 Bxd4 22. Qxd4 Qf5 23. Nb6 Ne5 24. Kh1 Qxf2 25. Qxe4 Ng4 26. Bxg4 Rxe4 27. Bxh3 Rd8 28. Bg2 Rxe3 29. Rxe3 Qxe3 30. Rd1 Qc5 31. h3 Qxa5 32. Rb1 Qc5 33. Kh2 g6 34. Bf1 Re8 0-1


[Site "https://www.chess.com"]

[Event "Titled Tuesday Blitz May 30 Early 2023"]
[White "Terry, Renato"]
[Black "Devaev, Alexander"]
[WhiteFideId "3803457"]
[BlackFideId "4169395"]
[WhiteElo "2575"]
[BlackElo "2172"]
[Result "1-0"]
[Round "03"]
[TimeControl "180+2"]
[Date "2023.05.30"]
[WhiteClock "0:01:39"]
[BlackClock "0:01:03"]

1. e4 c6 2. Nf3 d5 3. exd5 cxd5 4. Ne5 a6 5. d4 Nf6 6. Bd3 Nc6 7. c3 g6 8. O-O Bf5 9. Re1 Bxd3 10. Nxd3 e6 11. Bf4 Bd6 12. Bg5 h6 13. Bh4 Be7 14. Nd2 Nh5 15. Bxe7 Qxe7 16. a4 a5 17. Nf3 Nf6 18. Ra3 O-O 19. Rb3 Kg7 20. Nd2 Rab8 21. Rb5 Ne8 22. Qg4 Nd6 23. Rb3 b5 24. axb5 Rxb5 25. Rxb5 Nxb5 26. Nf4 Qg5 27. Qf3 Nd6 28. Rxe6 Rd8 29. Rxg6+ 1-0


[Site "https://www.chess.com"]

[Event "Titled Tuesday Blitz May 30 Early 2023"]
[White "Yurasova, Daria"]
[Black "Kuzubov, Yuriy"]
[WhiteFideId "34146919"]
[BlackFideId "14112906"]
[WhiteElo "2109"]
[BlackElo "2496"]
[Result "0-1"]
[Round "03"]
[TimeControl "180+2"]
[Date "2023.05.30"]
[WhiteClock "0:00:16"]
[BlackClock "0:00:13"]

1. d4 g6 2. Nf3 Bg7 3. e4 d6 4. Nc3 Bg4 5. Be3 Nf6 6. Be2 O-O 7. Qd2 Nc6 8. O-O-O a6 9. h3 Bxf3 10. Bxf3 Na5 11. Be2 b5 12. g4 b4 13. Nd5 Nxe4 14. Qd3 Nf6 15. Nxf6+ exf6 16. h4 d5 17. h5 Nc4 18. Bf4 g5 19. Bg3 h6 20. Qf5 Re8 21. Bd3 Re6 22. Rde1 Qe7 23. f4 Re8 24. Bxc4 dxc4 25. Rhf1 c6 26. fxg5 fxg5 27. Be5 Bxe5 28. Rxe5 Rxe5 29. dxe5 b3 30. axb3 cxb3 31. cxb3 Qc5+ 32. Kb1 Qd5 33. Qf6 Qxb3 34. Ka1 Qa4+ 35. Kb1 Qc4 36. Ka1 Rxe5 37. Qd8+ Kh7 38. Qf6 Ra5+ 39. Kb1 Qd3+ 40. Kc1 Ra1# 0-1


[Site "https://www.chess.com"]

[Event "Titled Tuesday Blitz May 30 Early 2023"]
[White "Ibarra Jerez, Jose Carlos"]
[Black "Janaszak, Dawid"]
[WhiteFideId "2226332"]
[BlackFideId "1119206"]
[WhiteElo "2638"]
[BlackElo "2220"]
[Result "1-0"]
[Round "03"]
[TimeControl "180+2"]
[Date "2023.05.30"]
[WhiteClock "0:00:09"]
[BlackClock "0:00:19"]

1. e4 c5 2. Nc3 Nc6 3. Nf3 g6 4. d4 cxd4 5. Nxd4 Bg7 6. Be3 Nf6 7. Bc4 O-O 8. Bb3 Re8 9. f3 e6 10. f4 e5 11. fxe5 Nxe5 12. O-O d6 13. h3 Bd7 14. Qd2 Rc8 15. Bg5 Rxc3 16. Qxc3 Nxe4 17. Bxd8 Nxc3 18. Bc7 Ne4 19. Bd5 Nc5 20. Bxd6 Ne6 21. Nxe6 fxe6 22. Bb3 Nc6 23. c3 Na5 24. Rae1 Nxb3 25. axb3 Bb5 26. c4 Bc6 27. Be5 Bf8 28. Kh2 Bb4 29. Rd1 a5 30. Bc3 Be7 31. Bxa5 Be4 32. Rd7 Bc6 33. Rd2 Bg5 34. Re2 e5 35. Bd2 Bd8 36. Bc3 Bc7 37. Rfe1 e4+ 38. Kg1 Bg3 39. Rd1 e3 40. Be1 Be5 41. Bc3 Bg3 42. Bd4 Bf2+ 43. Rxf2 exf2+ 44. Kxf2 Rd8 45. b4 Ba4 46. Rd2 b5 47. c5 Bb3 48. Ke3 Re8+ 49. Kf4 Bd5 50. Bc3 Bc6 51. Rd6 Bxg2 52. h4 Kf7 53. Rf6+ Kg8 54. Rb6 Rf8+ 55. Kg3 Bf1 56. c6 Rc8 57. Be5 Kf7 58. c7 Bc4 59. Rb8 Be6 60. Rxb5 Bd7 61. Rb8 Ke6 62. Bf4 Kd5 63. b5 Kc5 64. b6 Kc6 65. b7 1-0


[Site "https://www.chess.com"]

[Event "Titled Tuesday Blitz May 30 Early 2023"]
[White "Kozak, Adam"]
[Black "Olenik Campa, Rudi"]
[WhiteFideId "753246"]
[BlackFideId "14633264"]
[WhiteElo "2469"]
[BlackElo "2249"]
[Result "1-0"]
[Round "03"]
[TimeControl "180+2"]
[Date "2023.05.30"]
[WhiteClock "0:00:01"]
[BlackClock "0:00:00"]

1. e4 c5 2. c3 Nf6 3. e5 Nd5 4. d4 cxd4 5. Nf3 Nc6 6. cxd4 d6 7. exd6 e6 8. Bb5 Bxd6 9. O-O O-O 10. Nc3 Bd7 11. Ne4 Be7 12. a3 Be8 13. Bd3 f5 14. Ng3 Bf6 15. Bc4 Bf7 16. Re1 Re8 17. Ne5 Bxe5 18. dxe5 Nce7 19. Bg5 Qc7 20. Rc1 Nc6 21. Bxd5 exd5 22. Bf4 Be6 23. b4 a6 24. Ne2 Qb6 25. Be3 Qd8 26. f4 h6 27. Bc5 Qd7 28. Qd2 Rac8 29. Bd6 Na7 30. h3 Nb5 31. a4 Nxd6 32. exd6 Qxd6 33. Nd4 Bd7 34. Rxc8 Rxc8 35. Re5 Rf8 36. a5 g6 37. Nb3 Bc6 38. Nc5 d4 39. Qa2+ Kh7 40. Re6 Qxf4 41. Re7+ Kh8 42. Qe2 Qc1+ 43. Kh2 Qf4+ 44. Kg1 Qc1+ 45. Kh2 Qf4+ 46. g3 Qd6 47. Nd3 Qd5 48. g4 1-0


[Site "https://www.chess.com"]

[Event "Titled Tuesday Blitz May 30 Early 2023"]
[White "Nguyen, Ngoc Truong Son"]
[Black "The_Sherman_Variation"]
[WhiteFideId "12401110"]
[WhiteElo "2556"]
[BlackElo "2499"]
[Result "1-0"]
[Round "03"]
[TimeControl "180+2"]
[Date "2023.05.30"]
[WhiteClock "0:00:56"]
[BlackClock "0:00:45"]

1. d4 a6 2. e4 b5 3. f4 Bb7 4. Bd3 e6 5. Nf3 Be7 6. O-O d5 7. e5 c5 8. dxc5 Bxc5+ 9. Kh1 Ne7 10. Nbd2 Nd7 11. Nb3 Ba7 12. Qe1 Qb6 13. a4 bxa4 14. Rxa4 g6 15. Rb4 Qc7 16. Be3 Nc6 17. Ra4 Nb6 18. Ra1 Nc4 19. Bxa7 Nxa7 20. Bxc4 Qxc4 21. Nbd4 Nb5 22. c3 O-O 23. Qh4 Qc7 24. Qh6 Nxd4 25. cxd4 f6 26. Rac1 Qg7 27. Qxg7+ Kxg7 28. Rc7+ Rf7 29. Rfc1 Rf8 30. exf6+ Kxf6 31. Ng5 Rxc7 32. Rxc7 Bc8 33. g4 Bd7 34. Rxd7 Rh8 35. Rf7# 1-0


[Site "https://www.chess.com"]

[Event "Titled Tuesday Blitz May 30 Early 2023"]
[White "Rustemov, Alexander"]
[Black "Senft, Sean"]
[WhiteFideId "4119002"]
[BlackFideId "2044960"]
[WhiteElo "2836"]
[BlackElo "1989"]
[Result "0-1"]
[Round "03"]
[TimeControl "180+2"]
[Date "2023.05.30"]
[WhiteClock "0:00:00"]
[BlackClock "0:00:08"]

1. d4 d5 2. c4 c6 3. Nc3 Nf6 4. e3 a6 5. Qc2 g6 6. Bd3 Bg7 7. Nf3 O-O 8. O-O b5 9. b3 Nbd7 10. Bb2 Nb6 11. c5 Nbd7 12. Ne2 Qc7 13. h3 Ne8 14. b4 e5 15. dxe5 Nxe5 16. Nxe5 Bxe5 17. Bxe5 Qxe5 18. a4 Bb7 19. Nd4 Nc7 20. Qc3 Ne6 21. Nxb5 Qg5 22. Nd6 Bc8 23. f4 Qe7 24. e4 Nc7 25. Rae1 Qd8 26. a5 Rb8 27. e5 Qh4 28. Kh2 Re8 29. Qd2 Rf8 30. Rb1 Bd7 31. Qf2 Qxf2 32. Rxf2 Kg7 33. g4 h5 34. f5 hxg4 35. hxg4 Rh8+ 36. Kg2 gxf5 37. gxf5 Rbg8 38. Rf3 Kf8+ 39. Rg3 Rxg3+ 40. Kxg3 Rg8+ 41. Kf3 Rh8 42. Rg1 Rh4 43. Rg4 Rh3+ 44. Ke2 Rh2+ 45. Ke3 Rb2 46. Rh4 Kg8 47. f6 Ne6 48. Rh7 d4+ 49. Kf3 Ng5+ 50. Kf4 Nxh7 51. Bc4 Rf2+ 52. Ke4 Ng5+ 53. Kxd4 Ne6+ 54. Ke3 Rc2 55. Bxa6 Rb2 56. Bb7 Rxb4 57. a6 Ra4 58. Ne4 Ra5 59. Kd3 Nd8 60. Kc4 Ra1 61. Nd6 Nxb7 62. axb7 Rb1 63. Kc3 Be6 64. Kc2 Rb4 65. Kc3 Rb3+ 66. Kc2 Kh7 67. Kd2 Kg6 68. Kc2 Kg5 69. Kd2 Kf4 70. Ne8 Rxb7 71. Nd6 Rb2+ 72. Kc3 Re2 73. Kd4 Rd2+ 74. Kc3 Rh2 75. Kd4 Rh1 76. Kc3 Kxe5 77. Ne8 Kd5 78. Kb4 Ke4 79. Ka5 Rb1 80. Nd6+ Kd5 81. Ne8 Kxc5 82. Ka6 Kd5 83. Ka7 c5 84. Nc7+ Kd4 85. Nxe6+ fxe6 86. f7 Rf1 0-1


[Site "https://www.chess.com"]

[Event "Titled Tuesday Blitz May 30 Early 2023"]
[White "Molina, Roberto Junio Brito"]
[Black "Mika, Tomasz"]
[WhiteFideId "2109450"]
[BlackFideId "1132970"]
[WhiteElo "2376"]
[BlackElo "2179"]
[Result "0-1"]
[Round "03"]
[TimeControl "180+2"]
[Date "2023.05.30"]
[WhiteClock "0:01:29"]
[BlackClock "0:00:27"]

1. e4 c6 2. d4 d5 3. exd5 cxd5 4. Bd3 Nc6 5. c3 Nf6 6. Bf4 g6 7. Nf3 Bf5 8. Bxf5 gxf5 9. O-O e6 10. Ne5 Rg8 11. Qa4 Qb6 12. Nd2 Nh5 13. Nd3 Nxf4 14. Nxf4 Bh6 15. Nh5 Bxd2 16. Nf6+ Ke7 17. Nxg8+ Rxg8 18. f4 Qc7 19. Qc2 Bxf4 20. Kh1 Bxh2 21. Rf3 Bg3 22. Qd3 Rg6 23. Qe3 f4 24. Qd3 Qb8 25. Kg1 Qf8 26. Qb5 Qh6 27. Qxb7+ Kf6 28. Rxg3 fxg3 29. Rf1+ Kg5 30. Rxf7 Qh2+ 31. Kf1 Rf6+ 32. Rxf6 Kxf6 33. Qxc6 Qh1+ 34. Ke2 Qxg2+ 35. Kd3 Qf1+ 36. Kc2 g2 37. Qe8 g1=Q 38. Qf8+ Kg5 39. Qg7+ Kf4 40. Qf6+ Kg3 41. Qg5+ Kh2 42. Qh4+ Qh3 43. Qf4+ Qgg3 0-1


[Site "https://www.chess.com"]

[Event "Titled Tuesday Blitz May 30 Early 2023"]
[White "Mendonca, Leon Luke"]
[Black "Liu, Casper"]
[WhiteFideId "35028561"]
[BlackFideId "1454153"]
[WhiteElo "2464"]
[BlackElo "2221"]
[Result "1-0"]
[Round "03"]
[TimeControl "180+2"]
[Date "2023.05.30"]
[WhiteClock "0:01:48"]
[BlackClock "0:01:26"]

1. e4 c5 2. Nf3 d6 3. c3 Nf6 4. Be2 g6 5. O-O Bg7 6. Re1 O-O 7. Bf1 Nc6 8. h3 e5 9. d3 h6 10. a4 Kh7 11. Na3 Nh5 12. Nc4 f5 13. exf5 gxf5 14. Nfxe5 Qh4 15. Nxc6 bxc6 16. Nxd6 f4 17. Nxc8 Raxc8 18. Qf3 Rg8 19. Bd2 Bf6 20. Re6 Rg7 21. Rae1 Rcg8 22. Rxc6 Bd8 23. d4 cxd4 24. Bd3+ Kh8 25. Rxh6+ 1-0


[Site "https://www.chess.com"]

[Event "Titled Tuesday Blitz May 30 Early 2023"]
[White "Atabayev, Yusup"]
[Black "Tanmay Jain"]
[WhiteFideId "14001128"]
[BlackFideId "45015481"]
[WhiteElo "2473"]
[BlackElo "2032"]
[Result "1-0"]
[Round "03"]
[TimeControl "180+2"]
[Date "2023.05.30"]
[WhiteClock "0:00:22"]
[BlackClock "0:00:01"]

1. Nf3 d5 2. g3 Nf6 3. Bg2 e6 4. O-O Be7 5. d3 O-O 6. Nbd2 b6 7. e4 Bb7 8. e5 Nfd7 9. Re1 c5 10. Nf1 Nc6 11. h4 Re8 12. h5 f5 13. exf6 Bxf6 14. N3h2 Nde5 15. Ne3 Qd7 16. Bh3 Qf7 17. Neg4 Nxg4 18. Nxg4 Bc8 19. Bg2 Bd7 20. c3 Be7 21. Bf4 Qf8 22. Ne5 Nxe5 23. Bxe5 Bd6 24. d4 Bxe5 25. Rxe5 cxd4 26. cxd4 Rac8 27. Bf1 Qf6 28. Bd3 Rf8 29. Qe2 Rfe8 30. Re1 Rc7 31. Kg2 Rf8 32. f4 Bc8 33. Qg4 Re7 34. Qg5 Rfe8 35. h6 Qxg5 36. Rxg5 Bb7 37. Kf2 Bc6 38. Rc1 Rc8 39. Rxg7+ Rxg7 40. hxg7 Kxg7 41. Ba6 Bb7 42. Rxc8 1-0


[Site "https://www.chess.com"]

[Event "Titled Tuesday Blitz May 30 Early 2023"]
[White "Sowul, Bartosz"]
[Black "splendidkid"]
[WhiteFideId "1137590"]
[WhiteElo "2188"]
[BlackElo "2757"]
[Result "0-1"]
[Round "03"]
[TimeControl "180+2"]
[Date "2023.05.30"]
[WhiteClock "0:00:00"]
[BlackClock "0:01:01"]

1. e4 c5 2. Nc3 d6 3. d4 cxd4 4. Qxd4 Nf6 5. b3 g6 6. Bb2 Bg7 7. O-O-O O-O 8. Qd2 Nc6 9. Kb1 a6 10. f3 b5 11. Nge2 Be6 12. g4 Qb8 13. Nf4 a5 14. h4 b4 15. Na4 Ne5 16. Bxe5 dxe5 17. Nxe6 fxe6 18. Bc4 h5 19. Bxe6+ Kh7 20. Rdg1 Ra6 21. Bc4 Rd6 22. Qg2 Qc8 23. Nb2 Qc5 24. Nd3 Qd4 25. Qg3 a4 26. Qxe5 axb3 27. cxb3 Qe3 28. Qc5 Rxd3 29. Qxe7 Rd7 30. Qe5 Nxe4 0-1


[Site "https://www.chess.com"]

[Event "Titled Tuesday Blitz May 30 Early 2023"]
[White "Herman, Daniel"]
[Black "Simonian, Hrair"]
[WhiteFideId "30935008"]
[BlackFideId "13302337"]
[WhiteElo "1897"]
[BlackElo "2447"]
[Result "0-1"]
[Round "03"]
[TimeControl "180+2"]
[Date "2023.05.30"]
[WhiteClock "0:00:05"]
[BlackClock "0:00:16"]

1. c4 e5 2. Nc3 Bb4 3. Qc2 Nc6 4. e3 Nf6 5. Nf3 O-O 6. Nd5 Re8 7. a3 Bf8 8. Ng5 g6 9. Nxf6+ Qxf6 10. Ne4 Qd8 11. Be2 Bg7 12. O-O d5 13. cxd5 Qxd5 14. Bc4 Qd8 15. b4 Bf5 16. d3 a6 17. Bb2 Ne7 18. Nc5 b6 19. Nxa6 c6 20. b5 c5 21. Qb3 Rf8 22. a4 Nc8 23. Bd5 Ra7 24. Nb8 Ne7 25. Nc6 Nxc6 26. bxc6 Qc7 27. e4 Bc8 28. Bc3 Kh8 29. Rab1 Ba6 30. Rfd1 Rb8 31. Qb2 f5 32. f4 exf4 33. Bxg7+ Qxg7 34. Qxg7+ Kxg7 35. exf5 gxf5 36. Re1 Bxd3 37. Rbd1 c4 38. Re6 Rc8 39. Rd6 Rxa4 40. Rd7+ Kf6 41. Re1 Be4 42. Bxe4 fxe4 43. Rxe4 Rxc6 44. Rxf4+ Ke5 45. Rff7 c3 46. Rfe7+ Re6 47. Rxe6+ Kxe6 48. Rc7 Ra1+ 49. Kf2 Ra2+ 50. Ke3 c2 51. Kd2 Ke5 52. Rxc2 Rxc2+ 53. Kxc2 Ke4 54. Kb3 Ke3 55. Kb4 Kf2 56. g4 Kf3 57. Kb5 Kxg4 58. Kxb6 Kh3 59. Kc5 Kxh2 60. Kd4 Kg2 61. Ke3 h5 62. Kf4 h4 0-1


[Site "https://www.chess.com"]

[Event "Titled Tuesday Blitz May 30 Early 2023"]
[White "Santos Flores, Alberto"]
[Black "Djordjevic, Vuk"]
[WhiteFideId "3601234"]
[BlackFideId "902098"]
[WhiteElo "2235"]
[BlackElo "2452"]
[Result "1-0"]
[Round "03"]
[TimeControl "180+2"]
[Date "2023.05.30"]
[WhiteClock "0:01:29"]
[BlackClock "0:00:14"]

1. e4 d5 2. exd5 Qxd5 3. Nf3 Bg4 4. Be2 Nc6 5. d4 e6 6. Be3 Nf6 7. Nbd2 Be7 8. c4 Qd8 9. h3 Bh5 10. O-O O-O 11. a3 Re8 12. b4 Nb8 13. Ne5 Bxe2 14. Qxe2 Nbd7 15. Ndf3 c6 16. Rfd1 Qc7 17. Bf4 Bd6 18. Bg3 Rad8 19. c5 Bxe5 20. Nxe5 Qc8 21. Nc4 Re7 22. Nd6 Qa8 23. Bh4 Nf8 24. Bxf6 gxf6 25. Rd3 Ng6 26. h4 f5 27. h5 f6 28. hxg6 hxg6 29. Re3 1-0


[Site "https://www.chess.com"]

[Event "Titled Tuesday Blitz May 30 Early 2023"]
[White "Andreev, Konstantin"]
[Black "Csonka, Balazs"]
[WhiteFideId "24239305"]
[BlackFideId "742910"]
[WhiteElo "2106"]
[BlackElo "2404"]
[Result "0-1"]
[Round "03"]
[TimeControl "180+2"]
[Date "2023.05.30"]
[WhiteClock "0:00:23"]
[BlackClock "0:00:19"]

1. e4 c6 2. d4 d5 3. e5 c5 4. dxc5 e6 5. Nf3 Bxc5 6. Bd3 Ne7 7. a3 Ng6 8. O-O O-O 9. b4 Be7 10. Re1 a5 11. b5 Nd7 12. Bb2 Nc5 13. Nbd2 b6 14. Bf1 Bb7 15. g3 Qc7 16. Qe2 Rfd8 17. Bd4 Ne4 18. h4 Bc5 19. c3 Ne7 20. a4 Rac8 21. Bh3 h6 22. Rec1 Bxd4 23. Nxd4 Nxc3 24. Qe3 Qc5 25. Nb1 Qxd4 26. Rxc3 Qd1+ 27. Bf1 d4 28. Qd2 dxc3 0-1


[Site "https://www.chess.com"]

[Event "Titled Tuesday Blitz May 30 Early 2023"]
[White "Filgueira, Hernan"]
[Black "Jaracz, Pawel"]
[WhiteFideId "101770"]
[BlackFideId "1102222"]
[WhiteElo "2363"]
[BlackElo "2438"]
[Result "0-1"]
[Round "03"]
[TimeControl "180+2"]
[Date "2023.05.30"]
[WhiteClock "0:00:07"]
[BlackClock "0:00:06"]

1. d4 d5 2. c4 e6 3. Nc3 Nf6 4. Bg5 Be7 5. e3 Nbd7 6. Nf3 h6 7. Bh4 O-O 8. Rc1 c5 9. cxd5 Nxd5 10. Bxe7 Nxe7 11. Be2 b6 12. O-O Bb7 13. Qa4 a6 14. Qa3 Qb8 15. dxc5 Nxc5 16. b4 Nd7 17. b5 Nc5 18. bxa6 Bxa6 19. Qb2 Bxe2 20. Qxe2 Qb7 21. Rb1 Ra3 22. Nb5 Qa6 23. Rb2 Ra5 24. Ne5 Ra8 25. Qf3 Rf8 26. Qe2 f6 27. Nf3 Ra8 28. a3 Nd5 29. Nfd4 Na4 30. Rb3 Nc5 31. Rb2 Ra4 32. h3 Qc8 33. Rc1 Qd7 34. Rbc2 f5 35. Nf3 R4a5 36. Rb1 Ne4 37. Ne5 Qe8 38. Nc6 Ra4 39. Nb4 Nxb4 40. Rxb4 Rxb4 41. axb4 Ra1+ 42. Kh2 Qb8+ 43. f4 Qe8 44. Nd4 Qg6 45. Qf3 Kh7 46. Rc6 Nd2 47. Qf2 Nf1+ 48. Kh1 Ng3+ 49. Kh2 Rh1# 0-1


[Site "https://www.chess.com"]

[Event "Titled Tuesday Blitz May 30 Early 2023"]
[White "Garayev, Kanan"]
[Black "Fernandez Garcia, Gumersindo"]
[WhiteFideId "13406671"]
[BlackFideId "24516740"]
[WhiteElo "2230"]
[BlackElo "2093"]
[Result "1-0"]
[Round "03"]
[TimeControl "180+2"]
[Date "2023.05.30"]
[WhiteClock "0:00:40"]
[BlackClock "0:00:28"]

1. d4 Nf6 2. c4 e6 3. g3 d5 4. Bg2 Be7 5. Nf3 O-O 6. O-O dxc4 7. Qc2 b6 8. Bg5 Nd5 9. Bxe7 Qxe7 10. Nbd2 Bb7 11. Nxc4 Nd7 12. e4 N5f6 13. Rfe1 c5 14. d5 e5 15. Qc3 Rfe8 16. a4 Ba6 17. Ne3 g6 18. Nd2 Qf8 19. Nec4 Rad8 20. Rad1 Nh5 21. Bf1 Bb7 22. Na3 Ng7 23. Bc4 Kh8 24. Nb5 Qe7 25. Nxa7 f5 26. Nc6 Bxc6 27. dxc6 Nf6 28. exf5 gxf5 29. Nf3 e4 30. Ng5 Rf8 31. Rxd8 Qxd8 32. Nf7+ Rxf7 33. Bxf7 Qc7 34. Qxf6 1-0


[Site "https://www.chess.com"]

[Event "Titled Tuesday Blitz May 30 Early 2023"]
[White "Matinian, Nikita"]
[Black "Gurevich, Dmitry"]
[WhiteFideId "24129100"]
[BlackFideId "2000407"]
[WhiteElo "2422"]
[BlackElo "2506"]
[Result "1-0"]
[Round "03"]
[TimeControl "180+2"]
[Date "2023.05.30"]
[WhiteClock "0:01:14"]
[BlackClock "0:00:13"]

1. e4 c5 2. Nf3 d6 3. d4 cxd4 4. Nxd4 Nf6 5. Nc3 Nc6 6. Bg5 g6 7. Bxf6 exf6 8. Bb5 Bd7 9. Qd2 Bg7 10. O-O-O O-O 11. Nb3 a6 12. Be2 Be6 13. Qxd6 Qxd6 14. Rxd6 f5 15. Nc5 Bc8 16. exf5 Be5 17. Rdd1 Bxf5 18. Nxb7 Nd4 19. Bd3 Rab8 20. Nc5 Rfc8 21. Nb3 Nxb3+ 22. axb3 Be6 23. Rhe1 Bxc3 24. bxc3 Rxc3 25. Kb2 Rc6 26. Ra1 Rbb6 27. Re5 Kg7 28. Rea5 Bc8 29. g4 h6 30. f3 Rf6 31. Be4 Rbd6 32. Rc5 Be6 33. h4 Bd7 34. g5 hxg5 35. hxg5 Rfe6 36. Raa5 Rd2 37. Rd5 Rxd5 38. Rxd5 Bc6 39. Rd4 Bxe4 40. Rxe4 Rc6 41. c4 Rc5 42. f4 Rc7 43. Kc3 f6 44. b4 fxg5 45. fxg5 Rf7 46. c5 Kf8 47. Kc4 Rf5 48. c6 1-0


[Site "https://www.chess.com"]

[Event "Titled Tuesday Blitz May 30 Early 2023"]
[White "Novikov, Evgenij"]
[Black "Wagner, Dennis"]
[WhiteFideId "4125380"]
[BlackFideId "24650684"]
[WhiteElo "2242"]
[BlackElo "2478"]
[Result "1-0"]
[Round "03"]
[TimeControl "180+2"]
[Date "2023.05.30"]
[WhiteClock "0:01:23"]
[BlackClock "0:00:04"]

1. d4 d5 2. c4 e6 3. Nc3 Be7 4. Nf3 Nf6 5. cxd5 exd5 6. Bg5 c6 7. e3 Bf5 8. Bd3 Bxd3 9. Qxd3 O-O 10. O-O Nbd7 11. Rab1 a5 12. Qc2 h6 13. Bh4 Re8 14. Bg3 Nh5 15. Rfe1 Nxg3 16. hxg3 Nf6 17. a3 Bd6 18. b4 axb4 19. axb4 Qe7 20. b5 c5 21. dxc5 Bxc5 22. Rbd1 Red8 23. Nd4 Rac8 24. Qd3 g6 25. Re2 Qe5 26. Rc2 Qh5 27. Nf3 Be7 28. Ne2 Qg4 29. Nf4 Rxc2 30. Qxc2 Qd7 31. Nxg6 Rc8 32. Qxc8+ Qxc8 33. Nxe7+ Kg7 34. Nxc8 1-0


[Site "https://www.chess.com"]

[Event "Titled Tuesday Blitz May 30 Early 2023"]
[White "egorchess95"]
[Black "Barbot, Pierre"]
[BlackFideId "663727"]
[WhiteElo "2699"]
[BlackElo "2431"]
[Result "1-0"]
[Round "03"]
[TimeControl "180+2"]
[Date "2023.05.30"]
[WhiteClock "0:01:58"]
[BlackClock "0:00:00"]

1. e4 c6 2. d4 d5 3. e5 c5 4. dxc5 e6 5. Qg4 h5 6. Qg3 Nh6 7. Bg5 Qa5+ 8. Nd2 Nf5 9. Qf4 Bxc5 10. c3 Qb6 11. Nb3 Nc6 12. Bd3 Be7 13. Bxe7 Ncxe7 14. Nf3 Ng6 15. Qg5 Qd8 16. Qd2 h4 17. h3 Kf8 18. O-O Kg8 19. Rae1 Bd7 20. Nfd4 Rh5 21. Nxf5 exf5 22. f4 Be6 23. Nd4 a6 24. Qe2 Rh6 25. Nxf5 Rh7 26. Nd4 Rh6 27. f5 Bd7 28. fxg6 Qg5 29. gxf7+ Kf8 30. e6 1-0


[Site "https://www.chess.com"]

[Event "Titled Tuesday Blitz May 30 Early 2023"]
[White "Camilla_Lee"]
[Black "Fishchuk, Vladyslav"]
[BlackFideId "34122117"]
[WhiteElo "2690"]
[BlackElo "2082"]
[Result "1-0"]
[Round "03"]
[TimeControl "180+2"]
[Date "2023.05.30"]
[WhiteClock "0:00:16"]
[BlackClock "0:00:13"]

1. e4 c5 2. Nf3 Nf6 3. Nc3 d5 4. exd5 Nxd5 5. Bb5+ Bd7 6. Bc4 Nxc3 7. dxc3 e6 8. Bf4 Nc6 9. Qe2 Qf6 10. Bg5 Qg6 11. h4 Qh5 12. O-O-O h6 13. Rxd7 hxg5 14. Rxb7 Be7 15. Bxe6 fxe6 16. Qxe6 Qh6 17. Qd7+ Kf8 18. Re1 Re8 19. Kb1 gxh4 20. Re6 Rd8 21. Rxh6 Rxd7 22. Rxh8+ Kf7 23. Rxd7 1-0


[Site "https://www.chess.com"]